 Dungeon Sprint DCSS version 0.18.1-8-gdd0e5ea (webtiles) character file.

15425 Groucho the Blocker (level 12, -2/123 HPs)
             Began as a Deep Dwarf Fighter on May 24, 2016.
             Was the Champion of Makhleb.
             Slain by a black mamba (11 damage)
             ... in the Dungeon (Sprint IX: "|||||||||||||||||||||||||||||").
             The game lasted 00:12:39 (2851 turns).

Groucho the Blocker (Deep Dwarf Fighter)            Turns: 2851, Time: 00:12:40

Health: -2/123     AC: 27    Str: 29    XL:     12   Next: 1%
Magic:  21/21      EV: 10    Int:  8    God:    Makhleb [******]
Gold:   1077       SH: 14    Dex: 12    Spells: 0 memorised, 11 levels left

rFire  . . .     SeeInvis +     q - +8 broad axe (freeze)
rCold  . . .     Gourm    .     z - +2 plate armour
rNeg   . . .     Faith    .     c - +0 shield
rPois  .         Spirit   .     s - +1 helmet {SInv}
rElec  .         Dismiss  .     D - +1 cloak
rCorr  .         Reflect  .     r - +0 pair of gloves
SustAt .         Harm     .     y - +0 pair of boots
MR     +....     NoTele   +     (no amulet)
Stlth  ..........               u - +2 ring of evasion
                                t - +3 ring of strength

@: lethally poisoned (-2 -> -2), non-regenerating, somewhat resistant to hostile
enchantments, extremely unstealthy
A: damage resistance, recharge devices, sense surroundings 2, slow regeneration
3
a: Device Recharging, Minor Destruction, Lesser Servant of Makhleb, Major
Destruction, Greater Servant of Makhleb, Renounce Religion


You were in the Dungeon.
You worshipped Makhleb.
Makhleb was exalted by your worship.
You were not hungry.

You visited 1 branch You collected 1900 gold pieces.
You spent 823 gold pieces at shops.

Inventory:

Hand Weapons
 q - a +8 broad axe of freezing (weapon)
Missiles
 A - 7 javelins (quivered)
 B - 8 tomahawks
Armour
 c - a +0 shield (worn)
 r - a +0 pair of gloves (worn)
 s - a +1 helmet of see invisible (worn)
 y - a +0 pair of boots (worn)
 z - a +2 plate armour (worn)
 D - a +1 cloak (worn)
Jewellery
 t - a +3 ring of strength (left hand)
 u - a +2 ring of evasion (right hand)
Wands
 e - a wand of heal wounds (5/9)
 p - a wand of iceblast (7/15)
Scrolls
 l - a scroll of blinking
 m - 5 scrolls of fog
 n - 6 scrolls of remove curse
 o - 2 scrolls of amnesia
 w - 3 scrolls of recharging
 C - 5 scrolls of identify
Potions
 a - 2 potions of brilliance
 d - a potion of might
 g - 10 potions of curing
 h - a potion of heal wounds
 i - 3 potions of haste
 j - 4 potions of magic
 k - a potion of berserk rage
 v - a potion of agility
 E - a potion of lignification {unknown}
 H - a potion of cancellation
Comestibles
 b - 13 meat rations
 f - 12 bread rations
 x - 40 fruits


   Skills:
 * Level 12.5 Fighting
 * Level 14.3 Axes
 * Level 14.5 Armour
 * Level 14.6 Shields
 * Level 13.3 Invocations
 + Level 14.6 Evocations


You had 11 spell levels left.
You didn't know any spells.

Dungeon Overview and Level Annotations

Branches:
Dungeon (1/1)

Altars:
Cheibriados
Dithmenos
Elyvilon
Fedhas
Gozag
Kikubaaqudgha
Makhleb
Nemelex Xobeh
Okawaru
Pakellas
Qazlal
Ru
Sif Muna
Trog
Vehumet
Xom
Yredelemnul
Zin
The Shining One
Beogh
Jiyva
Lugonu

Shops:
D *(?(


Innate Abilities, Weirdness & Mutations

You are resistant to damage.
You can recharge devices by infusing magical energy.
You passively map the area around you.
You do not regenerate naturally.


Message History

You swap places.
You feel sick.
You are more poisoned.
The black mamba bites you but does no damage. x2
You slice the black mamba!!
The black mamba seems to slow down.
You freeze the black mamba!
The black mamba is almost dead.
You feel sick.
* * * LOW HITPOINT WARNING * * *
You are more poisoned.
The black mamba misses you.
The naga sharpshooter mumbles some strange words.
The naga sharpshooter magically shoots a bolt.
The bolt hits you!
* * * LOW HITPOINT WARNING * * *
Drink which item? (? for menu, Esc to quit)
You feel better.
* * * LOW HITPOINT WARNING * * *
You are poisoned.
The black mamba closely misses you. The black mamba bites you!
You die...

,*,*,*,*,*,*,*,▓.▓.▓.▓.▓.▓.▓.▓.▓÷
,*,*+*,*,*,*,*,▓.▓.▓.▓.▓.▓.▓'▓.▓.
,*,*,*,*,*,*,*,▓.▓.▓.▓.▓.▓.▓.▓.▓.
,*,*,*,*,*,*,*,▓.▓.▓'▓)▓.▓.▓.▓.▓.
+*,*,*,*,*,*,*,▓.▓.▓.▓.▓.▓.▓.▓.▓)
,*,*,*,*,*,*,*,▓.▓.▓=▓.▓.▓.▓.▓.▓.
,*,*,*,*+*,*,*,▓.▓.▓.▓.▓.▓.▓.▓.▓.
,*,*,*,*,*,*,*,▓2▓.▓=▓.▓)▓.▓.▓.▓.
,*,*,*,*,*,*,*,▓@▓.▓.▓.▓)▓.▓.▓.▓.
,*,*,*,*,*,*,*,▓S▓.▓)▓.▓)▓.▓[▓.▓.
,*,*,*,*,*,*,*,▓N▓.▓)▓.▓)▓.▓.▓.▓'
,*,*,*,*,*,*+*,▓S▓.▓)▓.▓.▓.▓.▓.▓_
,*,*,*,*,*,*,*,▓N▓.▓)▓.▓.▓.▓.▓.▓_
,*,*,*,*,*,*,*,▓N▓.▓)▓.▓.▓.▓.▓.▓_
,*,*,*,*,*,*,*,▓N▓.▓)▓.▓.▓.▓.▓.▓_
,*,*+*,*,*,*,*,▓.▓.▓)▓.▓)▓.▓†▓.▓_
,*,*,*,*,*,*,*,▓N▓.▓)▓.▓.▓.▓.▓.▓_


You could see a naga sharpshooter, a naga ritualist, 2 black mambas, a naga
mage, a naga and a friendly cacodemon.

Vanquished Creatures
  A very ugly thing (D)
  An entropy weaver (D)
  A hydra (D)
  A centaur warrior (D)
  Erica (D)
  Urug (D)
  2 unseen horrors (D)
  An orc knight (D)
  2 ugly things (D)
  A necromancer (D)
  An orc sorcerer (D)
  A deep elf mage (D)
  A griffon (D)
  A wolf spider (D)
  A naga mage (D)
  2 spiny frogs (D)
  2 trolls (D)
  4 polar bears (D)
  A slime creature (D)
  2 blink frogs (D)
  2 yaks (D)
  A shadow (D)
  A basilisk (D)
  A water moccasin (D)
  2 porcupines (D)
  10 orc warriors (D)
  4 black bears (D)
  A sky beast (D)
  A centaur (D)
  A crocodile (D)
  3 giant frogs (D)
  A killer bee (D)
  A jelly (D)
  3 orc priests (D)
  A hound (D)
  11 orc wizards (D)
  A sheep (D)
  2 river rats (D)
  2 shadow imps (D)
  An adder zombie (D)
  A dart slug (D)
  A giant gecko (D)
  12 orcs (D)
  A bat zombie (D)
  A giant cockroach (D)
  A goblin (D)
  A bat (D)
  A giant gecko zombie (D)
  A giant newt (D)
98 creatures vanquished.

Vanquished Creatures (collateral kills)
  A vampire mage (D)
  A shock serpent (D)
  3 orc sorcerers (D)
  An orc wizard (D)
6 creatures vanquished.

Vanquished Creatures (others)
  A yak (D)
1 creature vanquished.

Grand Total: 105 creatures vanquished

Notes
Turn   | Place    | Note
--------------------------------------------------------------
     0 | D        | Groucho the Deep Dwarf Fighter began the quest for the Orb.
     0 | D        | Reached XP level 1. HP: 20/20 MP: 1/1
     4 | D        | Reached skill level 1 in Evocations
    19 | D        | Reached XP level 2. HP: 28/28 MP: 3/3
   235 | D        | Reached XP level 3. HP: 30/36 MP: 3/5
   254 | D        | Found a glowing silver altar of Zin.
   254 | D        | Found a glowing golden altar of the Shining One.
   254 | D        | Found an ancient bone altar of Kikubaaqudgha.
   254 | D        | Found a basalt altar of Yredelemnul.
   254 | D        | Found a shimmering altar of Xom.
   254 | D        | Found a radiant altar of Vehumet.
   255 | D        | Found an iron altar of Okawaru.
   256 | D        | Found a burning altar of Makhleb.
   257 | D        | Found a deep blue altar of Sif Muna.
   258 | D        | Found a bloodstained altar of Trog.
   259 | D        | Found a sparkling altar of Nemelex Xobeh.
   260 | D        | Found a white marble altar of Elyvilon.
   261 | D        | Found a roughly hewn altar of Beogh.
   262 | D        | Found a viscous altar of Jiyva.
   263 | D        | Found a corrupted altar of Lugonu.
   264 | D        | Became a worshipper of Makhleb the Destroyer
   265 | D        | Found a blossoming altar of Fedhas.
   266 | D        | Found a snail-covered altar of Cheibriados.
   267 | D        | Found a shadowy altar of Dithmenos.
   268 | D        | Found a stormy altar of Qazlal.
   269 | D        | Found an opulent altar of Gozag.
   270 | D        | Found a sacrificial altar of Ru.
   271 | D        | Found an oddly glowing altar of Pakellas.
   418 | D        | Noticed a troll
   418 | D        | Noticed a yak
   418 | D        | Noticed a centaur
   418 | D        | Noticed a sky beast
   427 | D        | Killed a troll
   427 | D        | Reached skill level 5 in Fighting
   427 | D        | Reached XP level 4. HP: 34/48 MP: 5/9
   427 | D        | Reached XP level 5. HP: 39/55 MP: 5/10
   430 | D        | Reached * piety under Makhleb
   430 | D        | Reached XP level 6. HP: 45/62 MP: 5/11
   434 | D        | Killed a yak
   438 | D        | Killed a sky beast
   438 | D        | Reached ** piety under Makhleb
   724 | D        | Reached *** piety under Makhleb
   728 | D        | Reached XP level 7. HP: 63/70 MP: 13/13
   729 | D        | Reached **** piety under Makhleb
   905 | D        | Noticed a yak
   905 | D        | Noticed a spiny frog
   905 | D        | Noticed a blink frog
   913 | D        | Killed a yak
   921 | D        | Killed a spiny frog
   921 | D        | Reached ***** piety under Makhleb
   921 | D        | Reached skill level 10 in Evocations
   921 | D        | Reached XP level 8. HP: 72/81 MP: 15/15
   939 | D        | Killed a blink frog
  1264 | D        | Noticed a spiny frog
  1266 | D        | Noticed a blink frog
  1267 | D        | Noticed a seven-headed hydra
  1268 | D        | Reached skill level 10 in Armour
  1268 | D        | Reached skill level 10 in Shields
  1268 | D        | Reached skill level 1 in Invocations
  1269 | D        | Reached ****** piety under Makhleb
  1283 | D        | Killed a 16-headed hydra
  1283 | D        | Reached skill level 10 in Axes
  1283 | D        | Gained mutation: You passively map the area around you. [Deep Dwarf growth]
  1283 | D        | Reached XP level 9. HP: 22/91 MP: 17/17
  1288 | D        | Reached skill level 5 in Invocations
  1303 | D        | Killed a spiny frog
  1629 | D        | Noticed a polar bear
  1629 | D        | Noticed a polar bear
  1629 | D        | Noticed a polar bear
  1636 | D        | Killed a polar bear
  1648 | D        | Noticed a polar bear
  1648 | D        | Killed a polar bear
  1658 | D        | Killed a polar bear
  1658 | D        | Reached skill level 10 in Fighting
  1658 | D        | Reached XP level 10. HP: 75/102 MP: 19/19
  1722 | D        | Noticed Urug
  1736 | D        | Killed Urug
  1818 | D        | Noticed an orc knight
  1842 | D        | Killed an orc knight
  2016 | D        | Found Deyweo's General Store.
  2042 | D        | Reached skill level 10 in Invocations
  2043 | D        | Found Reggo's Weapon Shoppe.
  2047 | D        | Found Usopp's Magic Scroll Emporium.
  2050 | D        | Found Kisto's Antique Weapon Shoppe.
  2051 | D        | Noticed an orc sorcerer
  2052 | D        | Noticed an orc sorcerer
  2053 | D        | Noticed an orc sorcerer
  2056 | D        | Killed an orc sorcerer
  2061 | D        | Noticed an orc sorcerer
  2064 | D        | Noticed a sun demon
  2071 | D        | Killed an orc sorcerer
  2071 | D        | Killed an orc sorcerer
  2074 | D        | Killed an orc sorcerer
  2074 | D        | Reached XP level 11. HP: 79/111 MP: 21/21
  2114 | D        | Bought a scroll of magic mapping for 45 gold pieces
  2114 | D        | Bought 3 scrolls of identify for 78 gold pieces
  2114 | D        | Bought a scroll of enchant weapon for 97 gold pieces
  2114 | D        | Bought a scroll of immolation for 45 gold pieces
  2114 | D        | Bought a scroll of recharging for 123 gold pieces
  2114 | D        | Bought a scroll of recharging for 123 gold pieces
  2114 | D        | Bought a scroll of blinking for 97 gold pieces
  2118 | D        | Bought a cursed amulet of inaccuracy for 20 gold pieces
  2118 | D        | Bought a potion of heal wounds for 50 gold pieces
  2118 | D        | Bought a potion of cancellation for 80 gold pieces
  2123 | D        | Bought a scroll of random uselessness for 13 gold pieces
  2123 | D        | Bought a scroll of identify for 26 gold pieces
  2123 | D        | Bought a scroll of identify for 26 gold pieces
  2440 | D        | Noticed a cyan ugly thing
  2440 | D        | Noticed a griffon
  2440 | D        | Noticed a wolf spider
  2440 | D        | Noticed an unseen horror
  2441 | D        | Noticed an unseen horror
  2448 | D        | Killed a cyan ugly thing
  2452 | D        | Killed a griffon
  2455 | D        | Noticed a deep elf mage
  2458 | D        | Killed a wolf spider
  2460 | D        | Noticed a necromancer
  2462 | D        | Killed an unseen horror
  2468 | D        | Killed an unseen horror
  2480 | D        | Noticed a red ugly thing
  2482 | D        | Noticed a vampire mage
  2485 | D        | Killed a necromancer
  2486 | D        | Noticed an entropy weaver
  2487 | D        | Noticed a centaur warrior
  2489 | D        | Noticed a brown very ugly thing
  2491 | D        | Killed a red ugly thing
  2492 | D        | Noticed a flayed ghost
  2506 | D        | Killed a deep elf mage
  2533 | D        | Killed a vampire mage
  2537 | D        | Killed an entropy weaver
  2604 | D        | Killed a brown very ugly thing
  2608 | D        | Killed a centaur warrior
  2720 | D        | Noticed Erica
  2727 | D        | Killed Erica
  2833 | D        | Noticed a shock serpent
  2833 | D        | Noticed a naga ritualist
  2837 | D        | Noticed a naga sharpshooter
  2844 | D        | Killed a shock serpent
  2844 | D        | Reached XP level 12. HP: 38/123 MP: 21/21
  2851 | D        | Slain by a black mamba

Skill      XL: |  1  2  3  4  5  6  7  8  9 10 11 |
---------------+----------------------------------+-----
Evocations     | 2 3 7 8 10 11 12 13 14 | 14.6
Fighting       | 3 5 6 7 9 10 11 12 | 12.5
Axes           | 3 6 7 9 10 11 12 14 | 14.3
Armour         | 4 6 8 9 10 11 13 14 | 14.5
Shields        | 4 6 8 9 10 11 13 14 | 14.6
Invocations    | 4 7 10 13 | 13.3

Action                   |  1- 3 |  4- 6 |  7- 9 | 10-12 || total
-------------------------+-------+-------+-------+-------++-------
Melee: War axe           |    33 |       |       |       ||    33
       Broad axe         |     7 |    20 |   108 |   239 ||   374
Invok: Greater Servant o |       |       |       |     3 ||     3
 Abil: Device Recharging |       |       |       |     1 ||     1
Evoke: Wand              |     1 |     1 |     2 |     1 ||     5
  Use: Potion            |     1 |       |       |     6 ||     7
       Scroll            |       |       |     4 |     6 ||    10
 Stab: Invisible         |     3 |       |       |       ||     3
  Eat: Meat ration       |       |       |     1 |       ||     1
       Bread ration      |       |       |       |     1 ||     1
Armor: Scale mail        |    23 |       |       |       ||    23
       Chain mail        |     6 |     6 |    63 |    17 ||    92
       Plate armour      |       |       |       |    55 ||    55
Dodge: Dodged            |    22 |     5 |    51 |    29 ||   107
Block: Shield            |    16 |    12 |    75 |   111 ||   214
